 Dungeon Crawl Stone Soup version 0.22-a0-609-gfedc9ff (webtiles) character file.

81 sking99 the Insei (level 4, 0/36 HPs)
             Began as a Draconian Transmuter on July 10, 2018.
             Succumbed to a worker ant's poison
             ... on level 4 of the Dungeon.
             The game lasted 00:03:54 (2508 turns).

sking99 the Insei (Draconian Transmuter)            Turns: 2508, Time: 00:03:54

Health: 0/36       AC:  5    Str: 12    XL:     4   Next: 19%
Magic:  3/7        EV: 12    Int: 13    God:
Gold:   114        SH:  0    Dex: 13    Spells: 4/7 levels left

rFire    . . .     SeeInvis .     - Unarmed
rCold    . . .     Gourm    .   (no shield)
rNeg     . . .     Faith    .   (armour unavailable)
rPois    .         Spirit   .   (helmet restricted)
rElec    .         Reflect  .   (no cloak)
rCorr    .         Harm     .   (no gloves)
MR       .....                  (boots currently unavailable)
Stlth    +.........             (no amulet)
HPRegen  0.12/turn              (no ring)
MPRegen  0.10/turn              (no ring)

@: lethally poisoned (0 -> -11), appendage (expiring), flying
A: unfitting armour, talons 3, cold-blooded, AC +5
a: End Transformation


You were on level 4 of the Dungeon.
You were very hungry.
You had grown temporary talons.
You visited 1 branch of the dungeon, and saw 4 of its levels.

You collected 114 gold pieces.

Inventory:

Missiles
 a - 22 arrows
Scrolls
 b - a scroll of blinking
 d - a scroll of magic mapping
 j - a scroll of remove curse
 k - 2 scrolls of fog
Potions
 f - a potion of mutation
 g - a potion of haste
 n - a potion of flight
Comestibles
 c - 9 rations


   Skills:
 + Level 2.1 Fighting
 + Level 2.3 Dodging
 * Level 3.9 Unarmed Combat
 - Level 2.0 Spellcasting
 + Level 2.6 Transmutations


You had 4 spell levels left.
You knew the following spells:

 Your Spells              Type           Power        Failure   Level  Hunger
a - Beastly Appendage     Tmut           #.....       9%          1    ##.....
b - Sticks to Snakes      Tmut           #.......     13%         2    ###....

Your spell library contained the following spells:

 Spells                   Type           Power        Failure   Level  Hunger
 Spider Form              Tmut/Pois      #.........   41%         3    ####...
 Blade Hands              Tmut           #.........   94%         5    ######.
 Ice Form                 Ice/Tmut       #.......     83%         4    #####..


Dungeon Overview and Level Annotations

Branches:
Dungeon (4/15)
 Temple: D:4-7

Altars:


Innate Abilities, Weirdness & Mutations

Your plain brown scales are hard. (AC +5)
You cannot fit into any form of body armour.
You are cold-blooded and may be slowed by cold attacks.
You have claws for feet.


Message History

You barely miss the worker ant.
The worker ant is almost dead.
* * * LOW HITPOINT WARNING * * *
You feel sick. The worker ant barely misses you.
You barely miss the worker ant. Your kick misses the worker ant.
The worker ant is almost dead.
* * * LOW HITPOINT WARNING * * *
You feel sick. The worker ant bites you.
* * * LOW HITPOINT WARNING * * *
You completely miss the worker ant.
You claw the worker ant, but do no damage.
The worker ant is almost dead.
* * * LOW HITPOINT WARNING * * *
You feel sick.
The worker ant bites you but does no damage.
You hit the worker ant.
You kill the worker ant!
You have reached level 4!
You feel agile.
You die...

*,,,,,,,,,....,,,,**,**,*,,,*
*,********#..#***,**,**,,*,,*
*,* #..####.##.***,,*** *,*
###..........,,**_**, *,**
*#.##.###..###*,,****, *,,*
**,#.#.........,,,,,,>, **,*
##,**#...##..###,,,,,*** *,*
#.#* ##...#..##*,,*,** *,*
*..###.@.......,,,*,* *,*
*,#.#.#...#....,,,*,**** *,*
*,*#..#...#.###,,,,,,,,, *,*
#,##......#.###,,**,****
*,*##.#.#.#.......#,,,,,,,,,
*,*#................,,,,****
*,*##.#.#§#.#.###.##,**,*
*,,..,##§§.##.# *,#*,**,****
*,##,,*##§§§§§# *,**,**,,,,,


There were no monsters in sight!

Vanquished Creatures
  A worker ant (D:4)
  2 adders
  An ooze (D:2)
  A dart slug (D:4)
  A leopard gecko (D:2)
  5 goblins
  2 hobgoblins
  4 jackals (D:2)
  4 kobolds
  2 bats
  A quokka skeleton (D:4)
  5 rats
29 creatures vanquished.

Vanquished Creatures (collateral kills)
  An adder (D:2)
  A frilled lizard (D:2)
2 creatures vanquished.

Grand Total: 31 creatures vanquished

Notes
Turn   | Place    | Note
-------+----------+-------------------------------------------
     0 | D:1      | sking99 the Draconian Transmuter began the quest for the Orb.
     0 | D:1      | Reached XP level 1. HP: 16/16 MP: 3/3
   530 | D:2      | Reached XP level 2. HP: 22/23 MP: 5/5
  1152 | D:2      | Learned a level 2 spell: Sticks to Snakes
  1314 | D:2      | Reached XP level 3. HP: 29/29 MP: 6/6
  1407 | D:2      | You fall through a shaft!
  2507 | D:4      | HP: 1/29 [poisoned by a worker ant]
  2508 | D:4      | Reached XP level 4. HP: 1/36 MP: 3/7
  2508 | D:4      | Succumbed to a worker ant's poison

Vault maps used:
D:1:      lemuel_arrival_room, minmay_tree_intersection, solitary_fountain
D:2:      first_ration
D:3:      minmay_misc_feat_cross
D:4:      marbit_many_paths

Skill      XL: |  1  2  3 |
---------------+----------+-----
Dodging        | 2 |  2.3
Fighting       | 2 |  2.1
Unarmed Combat | |  3.9
Spellcasting   | |  2.0
Transmutations | |  2.6

Action                   |  1- 3 |  4- 6 || total
-------------------------+-------+-------++-------
Melee: Unarmed           |   142 |       ||   142
       Tailslap          |    10 |       ||    10
       Punch             |     2 |       ||     2
       Kick              |     4 |       ||     4
 Cast: Sticks to Snakes  |     6 |       ||     6
       Beastly Appendage |     2 |       ||     2
  Use: Scroll            |     9 |       ||     9
       Potion            |     2 |       ||     2
 Stab: Distracted        |     1 |       ||     1
       Sleeping          |     1 |       ||     1
  Eat: Chunk             |     4 |       ||     4
Armor: Skin              |    45 |       ||    45
Dodge: Dodged            |   102 |       ||   102

Table legend:
 A = Spawn XP
 B = Non-spawn XP
 C = Spawn XP percentage of total XP
 D = Spawn monster count
 E = Non-spawn monster count
 F = Spawn count percentage of total count
 G = Total turns spent on level
                    A         B        C        D         E        F      G
               +---------+---------+-------+---------+---------+-------+---------
         Total |       0 |     116 |   0.0 |       0 |      31 |   0.0 |  2508
               +---------+---------+-------+---------+---------+-------+---------
           D:1 |       0 |      11 |   0.0 |       0 |       7 |   0.0 |   609
           D:2 |       0 |      50 |   0.0 |       0 |      16 |   0.0 |  1108
           D:3 |       0 |      20 |   0.0 |       0 |       5 |   0.0 |   721
           D:4 |       0 |      35 |   0.0 |       0 |       3 |   0.0 |    70
               +---------+---------+-------+---------+---------+-------+---------
